 Dungeon Crawl Stone Soup version 0.24-a0-530-g18ba70b5 (webtiles) character file.

Game seed: 15551412559444096263

25 Bapo the Stinger (level 2, -6/20 HPs)
             Began as a Draconian Venom Mage on Aug 9, 2019.
             Killed from afar by Natasha (7 damage)
             ... with a magic dart
             ... on level 1 of the Dungeon.
             The game lasted 00:04:30 (925 turns).

Bapo the Stinger (Draconian Venom Mage)              Turns: 925, Time: 00:04:30

Health: -6/20      AC:  4    Str: 10    XL:     2   Next: 82%
Magic:  3/5        EV: 12    Int: 15    God:
Gold:   17         SH:  0    Dex: 11    Spells: 4/5 levels left

rFire    . . .     SeeInvis .   c - +0 dagger (speed)
rCold    . . .     Gourm    .   (no shield)
rNeg     . . .     Faith    .   (armour unavailable)
rPois    .         Spirit   .   (helmet restricted)
rElec    .         Reflect  .   (no cloak)
rCorr    .         Harm     .   (no gloves)
MR       .....                  (no boots)
Stlth    ++........             (no amulet)
HPRegen  0.06/turn              (no ring)
MPRegen  0.09/turn              (no ring)

@: slowed, very slow
A: unfitting armour, cold-blooded, AC +4
a: no special abilities


You were on level 1 of the Dungeon.
You were hungry.

You visited 1 branch of the dungeon, and saw 2 of its levels.

You collected 17 gold pieces.

Inventory:

Hand Weapons
 c - a +0 dagger of speed (weapon)
Scrolls
 a - a scroll of remove curse
Potions
 d - a potion of agility {unknown}
Comestibles
 b - 2 rations


   Skills:
 * Level 1.1 Short Blades
 + Level 2.1 Dodging
 - Level 2.0 Stealth
 + Level 2.1 Spellcasting
 + Level 1.0 Conjurations
 + Level 3.2 Poison Magic


You had 4 spell levels left.
You knew the following spells:

 Your Spells              Type           Power        Failure   Level  Hunger
a - Sting                 Conj/Pois      #...         9%          1    #......

Your spell library contained the following spells:

 Spells                   Type           Power        Failure   Level  Hunger
 Poisonous Vapours        Pois/Air       #.....       17%         2    ###....
 Mephitic Cloud           Conj/Pois/Air  #.......     34%         3    ###....
 Olgreb's Toxic Radiance  Pois           ##......     50%         4    #####..
 Venom Bolt               Conj/Pois      #.........   94%         5    ######.


Dungeon Overview and Level Annotations

Branches:
Dungeon (2/15)

Altars:

Annotations:
D:1 Natasha


Innate Abilities, Weirdness & Mutations

Your plain brown scales are hard. (AC +4)
You cannot fit into any form of body armour.
You are cold-blooded and may be slowed by cold attacks.


Message History

Natasha closely misses you.
There is an open door here.
Natasha claws you.
* * * LOW HITPOINT WARNING * * *
Natasha mumbles some strange words.
Natasha stares at you and mumbles some strange words.
You feel as though you will be slow longer.
You are feeling hungry.
Casting: Sting (safe; 9% risk of failure)
Confirm with . or Enter, or press ? or * to list all spells.
Aiming: Sting (safe; 9% risk of failure)
Press: ? - help, Shift-Dir - straight line, f - Natasha
Aim: Natasha (moderately wounded)
The sting misses Natasha.
The sting hits the crimson imp.
The crimson imp completely resists.
Natasha stares at you and mumbles some strange words.
You feel as though you will be slow longer.
Natasha casts a spell at you. The magic dart hits you!
You die...

# #.# #.####### #......# #.# # #
#.###.######## #.##########.### #
#............# #.# #..[.... #
#...........(# #.# #####.###### #
#............# #.# #.........# #
#.###.####...# #.# ##''###++### #
#.###.# #...# #.# #.........#.
###...#.####...###[###.........#.
...........'.5h.@....#.........#.
........#..#...###.#.#.........#.
.#..#.#...##.### #.#.#.........#.
....#.######.#.###.#.#.........#.
###.#.# #....##.#.#.........#.
#.#.# ###.....#.#....<....#.
#.#.# #.#.).#.###########. #.#.#
#.###............... ###.#.# #.#
#.########.##.##


You could see Natasha and a crimson imp.

Vanquished Creatures
  2 dart slugs (D:1)
  A leopard gecko (D:1)
  3 bats (D:1)
  A giant cockroach (D:1)
  7 hobgoblins (D:1)
  A kobold (D:1)
  4 rats (D:1)
19 creatures vanquished.

Notes
Turn   | Place    | Note
-------+----------+-------------------------------------------
     0 | D:1      | Bapo the Draconian Venom Mage began the quest for the Orb.
     0 | D:1      | Reached XP level 1. HP: 14/14 MP: 3/3
   276 | D:1      | Reached XP level 2. HP: 20/20 MP: 3/5
   647 | D:1      | Reached skill level 1 in Short Blades
   902 | D:2      | Noticed Natasha
   921 | D:1      | HP: 1/20 [Natasha (4)]
   923 | D:1      | Noticed a crimson imp
   925 | D:1      | Killed from afar by Natasha

Levels and vault maps discovered:
D:1:      lemuel_arrival_behind_the_door_large, layout_basic
D:2:      layout_rooms, serial_bayou_lagoon_a, nicolae_tso_swordbearing_angel,
          uniq_terence, uniq_natasha, uniq_sigmund

Skill      XL: |  1  2 |
---------------+-------+-----
Dodging        | 2 |  2.1
Stealth        | 2 |  2.0
Short Blades   | 1 |  1.1
Spellcasting   | |  2.1
Conjurations   | |  1.0
Poison Magic   | |  3.2

Action                   || total
-------------------------++-------
Melee: Dagger            ||    21
       Tailslap          ||     1
 Cast: Sting             ||    31
  Use: Scroll            ||     2
       Potion            ||     2
Armor: Skin              ||     5
Dodge: Dodged            ||    17

Table legend:
 A = Non-vault XP
 B = Vault XP
 C = Vault XP percentage of total XP
 D = Non-vault monster count
 E = Vault monster count
 F = Vault count percentage of total count
                 A         B        C        D         E       F
            +---------+---------+-------+---------+---------+-------
      Total |      36 |       0 |   0.0 |      19 |       0 |   0.0
            +---------+---------+-------+---------+---------+-------
        D:1 |      36 |       0 |   0.0 |      19 |       0 |   0.0
            +---------+---------+-------+---------+---------+-------
